 Dungeon Crawl Stone Soup version 0.19-a0-1041-g82b1012 (webtiles) character file.

10153 Huckle the Transmogrifier (level 11, 1/48 HPs)
             Began as a Felid Transmuter on July 29, 2016.
             Was a Follower of Ru.
             Quit the game on level 12 of the Dungeon on July 30, 2016.
             The game lasted 02:40:29 (21394 turns).

Huckle the Transmogrifier (Felid Transmuter)       Turns: 21394, Time: 02:40:31

Health: 1/48       AC:  2    Str:  8      XL:     11   Next: 32%
Magic:  24/28      EV: 35    Int: 14      God:    Ru [*.....]
Gold:   686        SH:  0    Dex: 21 (22) Spells: 6 memorised, 4 levels left
                                        Lives:  0   Deaths: 3

rFire  + . .     SeeInvis +       - Unarmed
rCold  + . .     Gourm    .     (armour unavailable)
rNeg   . . .     Faith    +     (shield unavailable)
rPois  +         Spirit   .     (helmet unavailable)
rElec  +         Dismiss  .     (cloak unavailable)
rCorr  +         Reflect  .     (gloves unavailable)
SustAt .         Harm     .     (boots unavailable)
MR     +....                    q - amulet of faith
Stlth  +++++++...               t - ring of magical power
                                i - +3 ring of evasion

@: agile, resistant, quick, somewhat resistant to hostile enchantments,
extremely stealthy
A: no armour, no weapons or thrown items, claws 1, fangs 3, see invisible,
carnivore 3, deterioration 1, dopey 1, speed 1, frail 1, shaggy fur 2, slow
metabolism 1, inexperienced 1, sharp paws
a: Renounce Religion


You were on level 12 of the Dungeon.
You worshipped Ru.
Ru was aware of your devotion.
You were very full.

You visited 3 branches of the dungeon, and saw 17 of its levels.

You collected 686 gold pieces.

Inventory:

Missiles
 C - 153 arrows
Jewellery
 i - a +3 ring of evasion (left paw)
 q - an amulet of faith (around neck)
 t - a ring of magical power (right paw)
 J - the amulet of the Four Winds {rN+ MR+++ Clar}
   (You found it on level 2 of the Lair of Beasts)

   [amulet of nothing]

   It protects you from negative energy.
   It affects your resistance to hostile enchantments.
   It protects you against confusion.
Wands
 f - a wand of slowing (30/48)
 g - a wand of acid (7/15)
 h - a wand of confusion (23/48)
 k - a wand of confusion (28/48)
 p - a wand of polymorph (4/24)
 u - a wand of flame (13/48)
 x - a wand of flame (16/48)
Scrolls
 a - a scroll of fog
 m - 2 scrolls of magic mapping
 n - a scroll of recharging {unknown}
 s - a scroll of remove curse
 y - 2 scrolls of teleportation
 A - 2 scrolls of random uselessness
 B - 3 scrolls of amnesia {unknown}
 D - a scroll of silence {unknown}
 F - a scroll of noise {unknown}
Potions
 j - 2 potions of might
 v - a potion of lignification
 z - a potion of mutation
 G - 2 potions of berserk rage
 H - a potion of invisibility {unknown}
Books
 b - a book of Changes

   Spells                             Type                      Level
   a - Beastly Appendage              Transmutation                1
   b - Sticks to Snakes               Transmutation                2
   c - Spider Form                    Transmutation/Poison         3
   d - Ice Form                       Ice/Transmutation            4
   e - Blade Hands                    Transmutation                5
 w - a book of Ice

   Spells                             Type                      Level
   a - Ice Form                       Ice/Transmutation            4
   b - Metabolic Englaciation         Hexes/Ice                    5
   c - Ozocubu's Refrigeration        Ice                          6
   d - Bolt of Cold                   Conjuration/Ice              6
   e - Freezing Cloud                 Conjuration/Ice/Air          6
   f - Simulacrum                     Ice/Necromancy               6
 E - a book of Cantrips

   Spells                             Type                      Level
   a - Confusing Touch                Hexes                        1
   b - Animate Skeleton               Necromancy                   1
   c - Summon Small Mammal            Summoning                    1
   d - Apportation                    Translocation                1
Comestibles
 c - 4 meat rations
 d - 3 beef jerkies
 l - 3 slices of pizza
 o - 11 royal jellies


   Skills:
 * Level 10.1 Fighting
 + Level 9.7 Dodging
 + Level 10.0 Stealth
 * Level 10.8 Unarmed Combat
 - Level 4.6 Spellcasting
 + Level 1.9 Hexes
 - Level 10.9 Transmutations


You had 4 spell levels left.
You knew the following spells:

 Your Spells              Type           Power        Failure   Level  Hunger
a - Beastly Appendage     Tmut           ####..       1%          1    None
b - Spider Form           Tmut/Pois      ###.......   8%          3    ###....
c - Blade Hands           Tmut           ####......   8%          5    ######.
d - Ice Form              Ice/Tmut       ###.....     21%         4    ####...
e - Confusing Touch       Hex            #.....       10%         1    None
f - Animate Skeleton      Necr           N/A          21%         1    None


Dungeon Overview and Level Annotations

Branches:
Dungeon (12/15)            Temple (1/1) D:5            Lair (4/6) D:11
    Orc (0/2) D:12
  Swamp: Lair:2-4    Shoals: Lair:2-4     Snake: Lair:2-4    Spider: Lair:2-4

Altars:
Ashenzari
Cheibriados
Dithmenos
Elyvilon
Fedhas
Gozag
Hepliaklqana
Kikubaaqudgha
Makhleb
Nemelex Xobeh
Okawaru
Pakellas
Qazlal
Ru
Sif Muna
Trog
Uskayaw
Vehumet
Xom
Yredelemnul
Zin
The Shining One

Shops:
D:4 [

Portals:
Ice
Cave: D:12

Annotations:
D:10 1 runed door
Lair:2 exclusion: oklob plant, mrath's ghost, journeyman DrCj
Lair:4 Snorg


Innate Abilities, Weirdness & Mutations

You cannot wear armour.
You are incapable of wielding weapons or throwing items.
You have sharp claws.
You have razor-sharp teeth.
You have supernaturally acute eyesight. (SInv)
You are carnivorous and can eat meat at any time.
You cover ground quickly.
You are covered in thick fur. (AC +2)
You have a slow metabolism.
You are somewhat inexperienced. (-2 XL)
Your sharp claws are effective at attacking unaware monsters.
Your body sometimes deteriorates upon taking damage.
You are dopey. (Int -2)
You are frail. (-10% HP)


Message History

You bite the polar bear, but do no damage.
The polar bear is severely wounded.
The polar bear bites you!!
Your body deteriorates!
You feel clumsy. The polar bear completely misses you.
The polar bear misses you.
Okay, then.
Drop what? 34/52 slots (_ for help) (? for menu, Esc to quit)
Okay, then.
Okay, then.
You scratch the polar bear.
The polar bear is almost dead.
The polar bear is stunned by your will and fails to attack.
Are you sure you want to abandon this character and quit the game? (Confirm with "yes".)
Okay, then.
You feel agile all of a sudden. The polar bear closely misses you.
The polar bear misses you. The polar bear completely misses you.
The polar bear bites you!
* * * LOW HITPOINT WARNING * * *
The polar bear completely misses you. x2
Are you sure you want to abandon this character and quit the game? (Confirm with "yes".)

*,,,,,,,* ##...##**##**,*
*,,**,*,****** #.<...#....,,,,
*,,,,,,,,,,,,* ##....).≈≈≈≈≈≈≈
**,**,*,,**#.###...##..≈≈≈≈≈≈≈
*,**,,,,* #.....#.#*..≈≈#****
*,******* #.###...#*,.≈≈#,≈,,
************* ###.#**.≈≈#**,,
**,,,*,* ### #.# *,≈≈#>,,,
*,,,,,,**#@## #.# *,≈≈***,,
*,,∩..hYDh#.###)# *,≈≈*,≈,,
*,,.[.#h####..#.# *,≈≈*****
**,,,*#** ##...# *,≈≈≈≈≈≈≈
********* ###.# *,≈≈≈≈≈≈≈ ***
*,,* *#.#**,,,,,,,, *,* **,*
**...****,***** *,*
*,****,....**,,****
**,*****,,,,,,.....,,,,,,*


You could see an ice dragon, 3 polar bears and a yak.

Vanquished Creatures
  A hydra (Lair:2)
  The ghost of braks the Inquisitive, a journeyman DsNe of Pakellas (D:11)
  Harold (Lair:1)
  2 unseen horrors (D:10)
  4 hill giants
  2 spiny frogs
  2 centaur skeletons
  3 komodo dragons
  A polar bear (D:12)
  A queen bee (D:8)
  A two-headed ogre (D:9)
  4 blink frogs (Lair:1)
  The ghost of HAL9000 the Cutter, an amateur VSEn of Uskayaw (D:5)
  7 yaks
  A wraith (D:10)
  3 hippogriffs
  2 hungry ghosts (D:10)
  A basilisk (Lair:3)
  Eustachio (D:6)
  3 swamp worms (Lair:1)
  5 water moccasins
  5 porcupines
  4 orc warriors
  A wasp (D:11)
  4 ice beasts
  A black bear (D:10)
  4 sky beasts
  8 ogres
  A wolf (D:12)
  8 centaurs
  3 necrophages (D:8)
  7 crocodiles
  10 giant frogs
  A gnoll sergeant (D:8)
  A wyvern skeleton (D:10)
  3 scorpions
  2 water moccasin skeletons
  14 killer bees (D:8)
  4 wights (D:11)
  A howler monkey (D:6)
  4 crimson imps
  7 jellies
  A quasit (D:6)
  14 orc wizards
  2 centaur zombies (D:7)
  3 giant frog skeletons
  8 hounds
  7 orc priests
  Ijyb (D:3)
  6 iguanas
  Terence (D:3)
  4 hell rats (Lair:3)
  8 worker ants
  4 sheep
  A hound zombie (D:11)
  2 hound skeletons
  Robin (D:3)
  A howler monkey zombie (D:7)
  11 gnolls
  15 adders
  28 river rats
  2 shadow imps
  An ooze (D:1)
  3 adder zombies
  4 adder skeletons
  18 worms
  3 dart slugs
  6 giant geckos
  37 orcs
  6 bats
  7 giant cockroaches
  15 goblins
  11 hobgoblins
  2 jackals (D:11)
  9 kobolds
  4 quokkas
  5 ball pythons
  A giant cockroach zombie (D:6)
  5 giant newts
  13 rats
  2 plants (Lair:1)
412 creatures vanquished.

Vanquished Creatures (others)
  5 fungi
  16 plants
21 creatures vanquished.

Grand Total: 433 creatures vanquished

Notes
Turn   | Place    | Note
-------+----------+-------------------------------------------
     0 | D:1      | Huckle the Felid Transmuter began the quest for the Orb.
     0 | D:1      | Reached XP level 1. HP: 9/9 MP: 4/4
   421 | D:1      | Reached XP level 2. HP: 12/12 MP: 6/6
  2792 | D:2      | Reached XP level 3. HP: 13/15 MP: 5/7
  2798 | D:2      | Learned a level 3 spell: Spider Form
  3088 | D:2      | Reached skill level 1 in Stealth
  3436 | D:2      | Found an ancient bone altar of Kikubaaqudgha.
  3548 | D:2      | Found a white marble altar of Elyvilon.
  4070 | D:3      | Noticed Terence
  4301 | D:3      | Killed Terence
  4301 | D:3      | Reached XP level 4. HP: 19/19 MP: 5/8
  4843 | D:3      | Reached XP level 5. HP: 20/22 MP: 4/9
  4862 | D:3      | Learned a level 5 spell: Blade Hands
  5299 | D:3      | Noticed Ijyb
  5316 | D:3      | Killed Ijyb
  5396 | D:3      | Noticed Robin
  5413 | D:3      | Killed Robin
  5747 | D:3      | Found a burning altar of Makhleb.
  6272 | D:4      | Found Rizeesty's Antique Armour Emporium.
  6391 | D:4      | Gained mutation: You are covered in thick fur. (AC +2) [Felid growth]
  6391 | D:4      | Reached XP level 6. HP: 19/27 MP: 10/10
  6476 | D:4      | Found a sparkling altar of Nemelex Xobeh.
  6952 | D:5      | Entered Level 5 of the Dungeon
  6952 | D:5      | Found a burning altar of Makhleb.
  6952 | D:5      | Noticed a sky beast
  6996 | D:5      | Found a staircase to the Ecumenical Temple.
  7003 | Temple   | Entered the Ecumenical Temple
  7133 | D:5      | Noticed HAL9000's ghost (amateur VSEn)
  7222 | D:4      | Killed a sky beast
  7222 | D:4      | Reached XP level 7. HP: 21/31 MP: 11/11
  7233 | D:4      | Gained mutation: Your body sometimes deteriorates upon taking damage. [mutagenic meat]
  7236 | D:4      | Gained mutation: Your mind is acute. (Int +2) [mutagenic meat]
  7242 | D:4      | Gained mutation: You are surrounded by a mild repulsion field. (EV +2) [mutagenic meat]
  7245 | D:4      | Gained mutation: Your thick and shaggy fur keeps you warm. (AC +3, rC+) [mutagenic meat]
  7248 | D:4      | Gained mutation: Your mind is very acute. (Int +4) [mutagenic meat]
  7276 | D:5      | Reached skill level 5 in Transmutations
  7333 | D:5      | Found a shimmering altar of Xom.
  7539 | D:6      | Reached skill level 5 in Unarmed Combat
  7669 | D:6      | Noticed a hand axe
  7669 | D:6      | Noticed a dagger
  7671 | D:6      | Found a hide-covered altar of Uskayaw.
  7909 | D:6      | Reached XP level 8. HP: 36/36 MP: 9/12
  7988 | D:5      | Killed HAL9000's ghost
  8340 | D:6      | Reached skill level 5 in Dodging
  8575 | D:6      | Upgraded the game from 0.19-a0-1035-gdbfb0c6 to 0.19-a0-1041-g82b1012
  8657 | D:6      | Noticed Eustachio
  8684 | D:6      | Reached skill level 5 in Stealth
  9390 | D:5      | Lost mutation: Your body sometimes deteriorates upon taking damage. [potion of cure mutation]
  9390 | D:5      | Lost mutation: Your thick and shaggy fur keeps you warm. (AC +3, rC+) [potion of cure mutation]
  9390 | D:5      | Lost mutation: Your mind is very acute. (Int +4) [potion of cure mutation]
  9390 | D:5      | Lost mutation: Your mind is acute. (Int +2) [potion of cure mutation]
  9390 | D:5      | Lost mutation: You are surrounded by a mild repulsion field. (EV +2) [potion of cure mutation]
  9550 | D:6      | Killed Eustachio
  9550 | D:6      | Reached skill level 5 in Fighting
  9596 | D:7      | Found a basalt altar of Yredelemnul.
  9881 | D:6      | Reached XP level 9. HP: 22/40 MP: 8/13
 10752 | D:7      | Found a glowing golden altar of the Shining One.
 12087 | D:8      | Noticed a queen bee
 12100 | D:8      | HP: 2/42 [gnoll/spear (12)]
 12382 | D:8      | Learned a level 4 spell: Ice Form
 12656 | D:8      | Gained mutation: You are dopey. (Int -2) [potion of mutation]
 12656 | D:8      | Gained mutation: You are frail. (-10% HP) [potion of mutation]
 12656 | D:8      | Gained mutation: Your body sometimes deteriorates upon taking damage. [potion of mutation]
 12657 | D:8      | Succumbed to a killer bee's poison
 12658 | D:8      | Reached XP level 8. HP: 0/35 MP: 21/21
 12707 | D:8      | Killed a queen bee
 12707 | D:8      | Reached XP level 9. HP: 33/38 MP: 13/13
 12782 | D:8      | Found a burning altar of Makhleb.
 12862 | D:8      | HP: 1/38 [orc wizard/puff of flame (5)]
 12874 | D:8      | Shot with an arrow by a centaur
 12875 | D:8      | Reached XP level 8. HP: -13/36 MP: 17/21
 13293 | D:9      | Noticed a two-headed ogre
 13621 | D:9      | Reached XP level 9. HP: 38/38 MP: 13/13
 13715 | D:9      | Found an iron altar of Okawaru.
 13716 | D:9      | Found a radiant altar of Vehumet.
 13721 | D:9      | Found a sacrificial altar of Ru.
 13727 | D:9      | Became a worshipper of Ru the Awakened
 13778 | D:10     | Entered Level 10 of the Dungeon
 15076 | D:10     | Noticed an unseen horror
 15089 | D:10     | Killed an unseen horror
 15089 | D:10     | Reached XP level 10. HP: 35/43 MP: 14/14
 15165 | D:10     | Noticed an unseen horror
 15174 | D:10     | Reached skill level 10 in Transmutations
 15183 | D:10     | Killed an unseen horror
 15207 | D:10     | Found a runed door.
 15211 | D:10     | Found a white marble altar of Elyvilon.
 15211 | D:10     | Noticed an angel
 15550 | D:10     | Gained mutation: You are somewhat inexperienced. (-2 XL) [Ru sacrifice]
 15550 | D:10     | Reached XP level 9. HP: 40/40 MP: 22/22
 15550 | D:10     | Reached XP level 8. HP: 36/36 MP: 21/21
 15550 | D:10     | Reached * piety under Ru
 15602 | D:11     | Noticed a hill giant
 15649 | D:10     | Killed a hill giant
 15753 | D:11     | Noticed a seven-headed hydra
 15753 | D:11     | Noticed braks's ghost (journeyman DsNe)
 15815 | D:11     | Reached XP level 9. HP: 15/40 MP: 13/13
 16156 | D:11     | Noticed a hill giant
 16176 | D:11     | Killed a hill giant
 16296 | D:11     | Noticed a troll
 16296 | D:11     | Noticed a griffon
 16337 | D:11     | Noticed a hill giant
 16414 | D:11     | Killed a hill giant
 16544 | D:11     | Noticed a cyclops
 16594 | D:11     | Noticed a hill giant
 16612 | D:11     | Killed a hill giant
 16612 | D:11     | Reached XP level 10. HP: 44/44 MP: 14/14
 16806 | D:11     | Found a staircase to the Lair.
 16857 | D:11     | Killed from afar by braks's ghost
 16858 | D:11     | Reached XP level 9. HP: -3/40 MP: 16/22
 17016 | D:11     | Killed braks's ghost
 17043 | Lair:1   | Entered Level 1 of the Lair of Beasts
 17156 | Lair:1   | Noticed Harold
 17189 | Lair:1   | Killed Harold
 17189 | Lair:1   | Reached skill level 10 in Unarmed Combat
 17194 | Lair:1   | Found a radiant altar of Vehumet.
 17226 | Lair:1   | Learned a level 1 spell: Confusing Touch
 17355 | Lair:1   | Reached XP level 10. HP: 44/44 MP: 15/15
 18499 | Lair:2   | Noticed mrath's ghost (journeyman DrCj)
 18874 | Lair:2   | Noticed a spiny frog
 18878 | Lair:2   | Killed a spiny frog
 19115 | Lair:2   | Noticed a five-headed hydra
 19137 | Lair:2   | Killed a five-headed hydra
 19542 | Lair:3   | Noticed a six-headed hydra
 19558 | Lair:3   | Reached XP level 11. HP: 48/48 MP: 18/18
 19766 | Lair:3   | Noticed a death yak
 19768 | Lair:3   | Noticed a death yak
 19769 | Lair:3   | Noticed a death yak
 19979 | Lair:3   | Learned a level 1 spell: Animate Skeleton
 20351 | Lair:2   | Reached skill level 10 in Fighting
 20523 | Lair:2   | Reached skill level 1 in Hexes
 20545 | Lair:2   | Noticed an oklob plant
 20656 | Lair:2   | Found a shattered altar of Ashenzari.
 20751 | Lair:4   | Noticed Snorg
 20763 | Lair:3   | Noticed a death yak
 20777 | Lair:3   | Noticed a death yak
 20777 | Lair:3   | Noticed a death yak
 20845 | Lair:3   | Noticed a death yak
 20848 | Lair:3   | Noticed a death yak
 21038 | Lair:4   | Reached skill level 10 in Stealth
 21039 | Lair:4   | Noticed a death yak
 21062 | Lair:3   | Noticed a death yak
 21065 | Lair:3   | Noticed a death yak
 21372 | D:12     | Found a frozen archway.
 21375 | D:12     | Noticed an ice dragon
 21393 | D:12     | HP: 1/48 [polar bear (15)]
 21394 | D:12     | Quit the game

Vault maps used:
D:1:      kennysheep_arrival_seaside, serial_park_tiny_pond, minivault_19
D:2:      grunt_temple_overflow_open
D:3:      lightli_temple_of_fire, first_bread, minmay_snake_closets, uniq_robin,
          uniq_iyjb, uniq_terence
D:4:      nemelex_xobeh_ov_fountains_minmay, serial_shops, shop
D:5:      xom_teletrap_fun, basic_altar
D:6:      dancing_weapons_uskayaw, uniq_eustachio
D:7:      kennysheep_mini_moat, tso_altar
D:8:      david_nohive_1, makhleb_blood_cavern_becter
D:9:      minitemple
D:10:     minmay_misc_feat_square, hangedman_abyss_or_decor_passed,
          lemuel_angel_altar
D:11:     david_lair_shrubbed, minivault_25_ag, fountainhead
D:12:     erik_orc_2, portal_ice_cave_entry_animals_and_master
Temple:   minmay_temple_bridge_abc
Lair:1:   basic_altar, minivault_19, worms_lemuel, grunt_megastairs_4,
          uniq_harold
Lair:2:   lemuel_centaur_altar, lemuel_fruit_fields
Lair:3:   kennysheep_abandoned_house
Lair:4:   shoals_dummy_entry, spider_nest_entry_rubble, uniq_snorg

Skill      XL: |  1  2  3  4  5  6  7  8  9 10 11 |
---------------+----------------------------------+-----
Transmutations | 3 4 5 9 8 10 | 10.9
Stealth        | 1 2 3 4 7 9 10 | 10.0
Dodging        | 3 4 7 9 |  9.7
Fighting       | 2 3 4 7 9 10 | 10.1
Unarmed Combat | 4 5 8 10 | 10.8
Spellcasting   | 3 4 |  4.6
Hexes          | 1 |  1.9

Action                   |  1- 3 |  4- 6 |  7- 9 | 10-12 || total
-------------------------+-------+-------+-------+-------++-------
Melee: Unarmed           |   122 |   162 |   612 |   303 ||  1199
       Bite              |     7 |     3 |    29 |    16 ||    55
       Headbutt          |     5 |     4 |     3 |       ||    12
       Punch             |       |     1 |    10 |     6 ||    17
 Cast: Beastly Appendage |    18 |    15 |     4 |       ||    37
       Spider Form       |     4 |    21 |    52 |     3 ||    80
       Blade Hands       |       |       |    61 |    40 ||   101
       Ice Form          |       |       |     1 |     3 ||     4
Invok: Sacrifice Experie |       |       |     1 |       ||     1
       Reject Sacrifices |       |       |       |     1 ||     1
 Abil: End Transformatio |     3 |     8 |    65 |    31 ||   107
Evoke: Wand              |       |       |     2 |       ||     2
  Use: Scroll            |       |     9 |    12 |     4 ||    25
       Potion            |       |     1 |    17 |     3 ||    21
 Stab: Sleeping          |     9 |    12 |    19 |    29 ||    69
       Distracted        |       |       |     1 |     3 ||     4
  Eat: Chunk             |    15 |     8 |    53 |    28 ||   104
Armor: Skin              |     8 |     3 |    27 |     2 ||    40
Dodge: Dodged            |    87 |   140 |   546 |   192 ||   965
